 Dungeon Crawl Stone Soup version 0.28-a0-793-g31680bbd8b (webtiles) character file.

Game seed: 7817957865579377731

186 ytrimaz the Shield-Bearer (level 5, 47/47 HPs)
             Began as a Gnoll Fighter on Nov 4, 2021.
             Quit the game on level 4 of the Dungeon.
             The game lasted 00:03:32 (3013 turns).

ytrimaz the Shield-Bearer (Gnoll Fighter)           Turns: 3013, Time: 00:03:33

Health: 47/47      AC:  7    Str: 17    XL:     5   Next: 66%
Magic:  7/7        EV: 10    Int:  7    God:
Gold:   104        SH:  5    Dex: 11    Spells: 7/7 levels left

rFire   . . .      SeeInvis .   a - +0 war axe
rCold   . . .      Faith    .   c - +0 buckler
rNeg    . . .      Spirit   .   b - +0 scale mail
rPois   .          Reflect  .   (no helmet)
rElec   .          Harm     .   (no cloak)
rCorr   .          Rampage  .   (no gloves)
Will    .....                   (no boots)
Stlth   ..........              (no amulet)
HPRegen 0.15/turn               (no ring)
MPRegen 0.10/turn               (no ring)

@: no status effects
A: fangs 1, strong nose, distributed training
a: no special abilities


You were on level 4 of the Dungeon.
You visited 1 branch of the dungeon, and saw 5 of its levels.

You collected 104 gold pieces.

Inventory:

Hand Weapons
 a - a +0 war axe (weapon)
Armour
 b - a +0 scale mail (worn)
 c - a +0 buckler (worn)
Scrolls
 m - a scroll of holy word
 n - 2 scrolls of noise
 o - a scroll of enchant armour
Potions
 d - 2 potions of degeneration {unknown}
 h - 3 potions of curing {unknown}
 i - a potion of lignification {unknown}
 k - a potion of heal wounds {unknown}


   Skills:
 + Level 6.7 Fighting
 + Level 1.6 Short Blades
 + Level 1.6 Long Blades
 + Level 4.8 Axes
 + Level 1.6 Maces & Flails
 + Level 1.6 Polearms
 + Level 1.6 Staves
 + Level 1.6 Slings
 + Level 1.6 Bows
 + Level 1.6 Crossbows
 + Level 1.6 Throwing
 + Level 6.7 Armour
 + Level 1.6 Dodging
 + Level 1.6 Stealth
 + Level 6.7 Shields
 + Level 1.6 Unarmed Combat
 + Level 1.6 Spellcasting
 + Level 1.2 Conjurations
 + Level 1.2 Hexes
 + Level 1.2 Summonings
 + Level 1.2 Necromancy
 + Level 1.2 Translocations
 + Level 1.2 Transmutations
 + Level 1.2 Fire Magic
 + Level 1.2 Ice Magic
 + Level 1.2 Air Magic
 + Level 1.2 Earth Magic
 + Level 1.2 Poison Magic
 + Level 1.8 Invocations
 + Level 1.6 Evocations


You had 7 spell levels left.
You didn't know any spells.
Your spell library was empty.

Dungeon Overview and Level Annotations

Branches:
Dungeon (5/15)
 Temple: D:4-7

Altars:
Kikubaaqudgha
Uskayaw


Innate Abilities, Weirdness & Mutations

You have very sharp teeth.
Your uncanny sense of smell can sniff out nearby items.
Your experience applies equally to all skills.


Message History

The shadow imp is lightly wounded.
The shadow imp hits you but does no damage.
You hit the shadow imp but do no damage.
The shadow imp is lightly wounded.
The shadow imp sputters.
The shadow imp hits you but does no damage.
You barely miss the shadow imp.
The shadow imp is lightly wounded.
The shadow imp barely misses you.
You hit the shadow imp.
You bite the shadow imp, but do no damage.
The shadow imp is moderately wounded.
You block the shadow imp's attack.
The shadow imp hits you but does no damage.
You closely miss the shadow imp.
The shadow imp is moderately wounded.
The shadow imp gestures at you.
You barely resist. You closely miss the shadow imp.
Your bite misses the shadow imp.
The shadow imp is moderately wounded.
The shadow imp hits you but does no damage.
You closely miss the shadow imp. Your bite misses the shadow imp.
The shadow imp is moderately wounded.
The shadow imp hits you but does no damage.
You hit the shadow imp. Your bite misses the shadow imp.
The shadow imp is heavily wounded.
The shadow imp gestures at you. Pain shoots through your body!
You block the shadow imp's attack.
You slash the shadow imp!
You kill the shadow imp!
Key pressed, stopping explore.
Found a stone staircase leading up.
Found a stone staircase leading down.
Found a helmet.
No target in view!
There is a stone staircase leading up here.
You climb upwards.
Found an escape hatch in the ceiling.
There is a stone staircase leading down here.
Are you sure you want to abandon this character and quit the game? (Confirm with "yes".)

####### #.....#
###.....#
........#######
...............
<......@.......
....###########
#


There were no monsters in sight!

Vanquished Creatures
  A hound (D:3)
  An iguana (D:3)
  An orc wizard (D:5)
  2 adders (D:2)
  A shadow imp (D:5)
  An ufetubus (D:3)
  2 dart slugs
  8 orcs
  6 endoplasms
  2 hobgoblins
  8 jackals
  9 ball pythons
  2 bats (D:3)
  A frilled lizard (D:1)
  7 goblins
  8 kobolds
  5 rats
65 creatures vanquished.

Notes
Turn   | Place    | Note
-------+----------+-------------------------------------------
     0 | D:1      | ytrimaz the Gnoll Fighter began the quest for the Orb.
     0 | D:1      | Reached XP level 1. HP: 23/23 MP: 1/1
   171 | D:1      | Reached XP level 2. HP: 27/29 MP: 2/2
   765 | D:2      | Reached XP level 3. HP: 31/35 MP: 3/3
  1032 | D:2      | Reached skill level 1 in Invocations
  1389 | D:2      | Found a faded altar of an unknown god.
  1528 | D:2      | Reached skill level 1 in Short Blades
  1528 | D:2      | Reached skill level 1 in Long Blades
  1528 | D:2      | Reached skill level 1 in Maces & Flails
  1528 | D:2      | Reached skill level 1 in Polearms
  1528 | D:2      | Reached skill level 1 in Staves
  1528 | D:2      | Reached skill level 1 in Slings
  1528 | D:2      | Reached skill level 1 in Bows
  1528 | D:2      | Reached skill level 1 in Crossbows
  1528 | D:2      | Reached skill level 1 in Throwing
  1528 | D:2      | Reached skill level 1 in Dodging
  1528 | D:2      | Reached skill level 1 in Stealth
  1528 | D:2      | Reached skill level 1 in Unarmed Combat
  1528 | D:2      | Reached skill level 1 in Spellcasting
  1528 | D:2      | Reached skill level 1 in Evocations
  1869 | D:3      | Reached XP level 4. HP: 40/41 MP: 5/5
  1907 | D:3      | Found a hide-covered altar of Uskayaw.
  1960 | D:3      | Found an ancient bone altar of Kikubaaqudgha.
  1983 | D:3      | Reached skill level 1 in Conjurations
  1983 | D:3      | Reached skill level 1 in Hexes
  1983 | D:3      | Reached skill level 1 in Summonings
  1983 | D:3      | Reached skill level 1 in Necromancy
  1983 | D:3      | Reached skill level 1 in Translocations
  1983 | D:3      | Reached skill level 1 in Transmutations
  1983 | D:3      | Reached skill level 1 in Fire Magic
  1983 | D:3      | Reached skill level 1 in Ice Magic
  1983 | D:3      | Reached skill level 1 in Air Magic
  1983 | D:3      | Reached skill level 1 in Earth Magic
  1983 | D:3      | Reached skill level 1 in Poison Magic
  1999 | D:3      | Reached XP level 5. HP: 41/47 MP: 6/6
  2599 | D:3      | You fall into a shaft and drop 2 floors!
  2599 | D:5      | Entered Level 5 of the Dungeon
  3013 | D:4      | Quit the game

Illustrated notes

Levels and vault maps discovered:
D:1:      amcnicky_arrival_abandoned_market, layout_rooms, roderic_lattice_a,
          minmay_domino_4
D:2:      layout_basic, dilly_ecumenical_altar_fadedgnrine
D:3:      cheibrodos_pilgrimage, layout_basic, nicolae_uskayaw_dance_hall,
          overflow_temple_1_default, st_stairs_1
D:4:      kennysheep_six_static_rooms, layout_basic,
          minmay_temple_entry_nine_rooms, nicolae_shop_clearance
D:5:      layout_gridville

Skill      XL: |  1  2  3  4 |
---------------+-------------+-----
Invocations    | 1 |  1.8
Short Blades   | 1 |  1.6
Long Blades    | 1 |  1.6
Maces & Flails | 1 |  1.6
Polearms       | 1 |  1.6
Staves         | 1 |  1.6
Slings         | 1 |  1.6
Bows           | 1 |  1.6
Crossbows      | 1 |  1.6
Throwing       | 1 |  1.6
Dodging        | 1 |  1.6
Stealth        | 1 |  1.6
Unarmed Combat | 1 |  1.6
Spellcasting   | 1 |  1.6
Evocations     | 1 |  1.6
Conjurations   | 1 |  1.2
Hexes          | 1 |  1.2
Summonings     | 1 |  1.2
Necromancy     | 1 |  1.2
Translocations | 1 |  1.2
Transmutations | 1 |  1.2
Fire Magic     | 1 |  1.2
Ice Magic      | 1 |  1.2
Air Magic      | 1 |  1.2
Earth Magic    | 1 |  1.2
Poison Magic   | 1 |  1.2
Fighting       | |  6.7
Axes           | |  4.8
Armour         | |  6.7
Shields        | |  6.7

Action                   |  1- 3 |  4- 6 || total
-------------------------+-------+-------++-------
Melee: War axe           |    85 |    88 ||   173
       Bite              |     3 |    11 ||    14
  Use: Scroll            |     1 |     7 ||     8
       Potion            |       |     1 ||     1
Armor: Scale mail        |    43 |    52 ||    95
Dodge: Dodged            |    34 |    59 ||    93
Block: Buckler           |    17 |    35 ||    52

Table legend: (Time is in decaauts)
 A = Elapsed time spent in this place.
 B = Non-inter-level travel time spent in this place.
 C = Inter-level travel time spent in this place.
 D = Time resting spent in this place.
 E = Time spent auto-exploring this place.
 F = Levels seen in this place.
 G = Mean time per level.
                   A        B        C        D        E       F      G
               +--------+--------+--------+--------+--------+-----+--------+
         Total |   3059 |   2981 |     78 |    200 |   2345 |   5 |  611.8 |
       Dungeon |   3059 |   2981 |     78 |    200 |   2345 |   5 |  611.8 |
               +--------+--------+--------+--------+--------+-----+--------+

Top non-repeatable levels by time:
     D:2: 1241 daAuts
     D:3: 794 daAuts
     D:1: 602 daAuts
     D:5: 420 daAuts
     D:4: 0 daAuts
